 Dungeon Crawl Stone Soup version 0.17-a0-2208-ge5ab1d3 (webtiles) character file.

4 Duffy the Sneak (level 1, 9/9 HPs)
             Began as a Spriggan Earth Elementalist on Oct 26, 2015.
             Quit the game on level 1 of the Dungeon.
             The game lasted 00:00:33 (252 turns).

Duffy the Sneak (Spriggan Earth Elementalist)        Turns: 252, Time: 00:00:34

Health: 9/9        AC:  2    Str:  4    XL:     1   Next: 58%
Magic:  5/5        EV: 21    Int: 16    God:
Gold:   13         SH:  0    Dex: 16    Spells: 1 memorised, 5 levels left

rFire  . . .     SeeInvis +     c - book of Geomancy
rCold  . . .     Clarity  .     b - +0 robe
rNeg   . . .     SustAt   .     (shield restricted)
rPois  .         Gourm    .     (helmet restricted)
rElec  .         Spirit   .     (no cloak)
rCorr  .         Warding  .     (gloves unavailable)
rMut   .         Stasis   .     (boots unavailable)
MR     .....                    (no amulet)
Stlth  +++.......               (no ring)
                                f - +3 ring of evasion

@: very quick, not resistant to hostile enchantments, fairly stealthy
A: unfitting armour, see invisible, herbivore 3, speed 3, slow metabolism 2
a: no special abilities


You were on level 1 of the Dungeon.
You were not hungry.

You visited 1 branch of the dungeon, and saw 1 of its levels.

You collected 13 gold pieces.


Innate Abilities, Weirdness & Mutations

You are tiny and cannot use many weapons and most armour.
You have supernaturally acute eyesight.
You are a herbivore.
You cover ground extremely quickly.
You need consume almost no food.


   Skills:
 - Level 3.0 Dodging
 - Level 3.0 Stealth
 + Level 3.0 Spellcasting
   Level 1.3 Transmutations
 + Level 2.8 Earth Magic


You had 5 spell levels left.
You knew the following spells:

 Your Spells              Type           Power        Failure   Level  Hunger
a - Sandblast             Erth           ##....       8%          1    #......

Inventory:

Missiles
 a - 20 stones (quivered)
Armour
 b - a +0 robe (worn)
Jewellery
 f - a +3 ring of evasion (left hand)
Scrolls
 e - a scroll of identify {unknown}
Books
 c - a book of Geomancy (in hand)
Comestibles
 d - a bread ration

Dungeon Overview and Level Annotations

Branches:
Dungeon (1/15)

Altars:


Message History

The rat barely misses you.
Cast which spell? (? or * to list)
Aiming: Sandblast
Press: ? - help, Shift-Dir - straight line, f/p - rat
Aim: a rat (heavily wounded)
You miscast Sandblast.
Nothing appears to happen.
The rat misses you.
Cast which spell? (? or * to list)
Aiming: Sandblast
Press: ? - help, Shift-Dir - straight line, f/p - rat
Aim: a rat (heavily wounded)
The blast of sand misses the rat.
The rat misses you.
Cast which spell? (? or * to list)
Aiming: Sandblast
Press: ? - help, Shift-Dir - straight line, f/p - rat
Aim: a rat (heavily wounded)
The blast of sand hits the rat.
You kill the rat!
Your Spellcasting skill increases to level 3!
Cast which spell? (? or * to list)
You don't have enough magic to cast that spell.
Cast which spell? (? or * to list)
You don't have enough magic to cast that spell.
Your magical contamination has completely faded away.
You see here a rat corpse.
You now have 13 gold pieces (gained 7).
e - a scroll labeled UNEADGH WAYTUNYCW
Found 18 gold pieces.
f - a golden ring You spend a moment contemplating the meaning of life.
Throwing (i - inventory):
a - 20 stones (quivered)
Press: ? - help, Shift-Dir - straight line, f - you
Okay, then.
Put on which piece of jewellery? (? for menu, Esc to quit)
f - a +3 ring of evasion (left hand) Are you sure you want to abandon this character and quit the game? (Confirm with "yes".)

..#####.############
..
#...................
. ##............####
. #.#..........#
#.###.#..#######.#
##.#......# #.#
..........# ###.#
...#.#.##...# #...#
.......@....# #.#†#
.##..#.##.#.#####.#.#
#.... #...........#
#.... ....#####.#.#
#.... #####
##....#### #..#.
#..#...... #.$#.
#####.....#### #..#.
#.........#
#.........#


There were no monsters in sight!

Action                   || total
-------------------------++-------
 Cast: Sandblast         ||    13

Notes
Turn   | Place    | Note
--------------------------------------------------------------
     0 | D:1      | Duffy the Spriggan Earth Elementalist began the quest for the Orb.
     0 | D:1      | Reached XP level 1. HP: 9/9 MP: 5/5
   176 | D:1      | Reached skill level 3 in Spellcasting
   252 | D:1      | Quit the game

Vault maps used:
D:1:      scummos_arrival_gate, st_stairs_12

Vanquished Creatures
  A giant gecko
  A bat
  A giant newt
  A kobold
  A rat
5 creatures vanquished.
